 Dungeon Crawl Stone Soup version 0.18-a0-1702-gd20c6a5 (webtiles) character file.

145 MDvedh the Cutter (level 5, -9/29 HPs)
             Began as a Kobold Artificer on Apr 7, 2016.
             Splashed by an orc's acid (14 damage)
             ... on level 2 of the Dungeon.
             The game lasted 00:06:10 (2552 turns).

MDvedh the Cutter (Kobold Artificer)                Turns: 2552, Time: 00:06:11

Health: -9/29      AC: 11    Str: 10    XL:     5   Next: 53%
Magic:  7/7        EV: 15    Int:  7    God:
Gold:   60         SH:  0    Dex: 17    Spells: 0 memorised, 4 levels left

rFire  + . .     SeeInvis .     a - +0 short sword
rCold  . . .     Gourm    .     q - +1 leather armour {rF+}
rNeg   . . .     Faith    .     (shield restricted)
rPois  .         Spirit   .     (no helmet)
rElec  .         Dismiss  .     o - +0 cloak
rCorr  .         Reflect  .     m - +2 pair of gloves
SustAt .         Harm     .     (no boots)
MR     .....                    (no amulet)
Stlth  ++........               w - -3 ring of intelligence (curse)
                                v - +3 ring of protection

@: not resistant to hostile enchantments, unstealthy
A: carnivore 3
a: no special abilities


You were on level 2 of the Dungeon.
You were completely stuffed.

You visited 1 branch of the dungeon, and saw 3 of its levels.

You collected 60 gold pieces.

Inventory:

Hand Weapons
 a - a +0 short sword (weapon)
 b - a +0 dagger of speed
Armour
 m - a +2 pair of gloves (worn)
 n - a +0 plate armour
 o - a +0 cloak (worn)
 q - a +1 leather armour of fire resistance (worn)
Jewellery
 v - a +3 ring of protection (left hand)
 w - a cursed -3 ring of intelligence (right hand)
 y - an uncursed ring of protection from magic
Wands
 c - a wand of flame (10/48)
 d - a wand of enslavement (11/24)
 e - a wand of random effects (15/48)
Scrolls
 h - a scroll of amnesia {unknown}
 i - a scroll of magic mapping {unknown}
 j - a scroll of enchant armour {unknown}
 k - 2 scrolls of teleportation {unknown}
 r - 4 scrolls of random uselessness {unknown}
 u - a scroll of remove curse {unknown}
 x - a scroll of recharging {unknown}
Potions
 g - a potion of cure mutation {unknown}
 l - a potion of lignification {unknown}
 p - 2 potions of magic {unknown}
 s - a potion of heal wounds {unknown}
 t - a potion of curing {unknown}
 B - a potion of brilliance {unknown}
Comestibles
 f - a meat ration
 z - a beef jerky


   Skills:
 - Level 1.1 Fighting
 + Level 6.6 Short Blades
 - Level 2.4 Dodging
 - Level 1.3 Stealth
 - Level 3.6 Evocations


You had 4 spell levels left.
You didn't know any spells.

Dungeon Overview and Level Annotations

Branches:
Dungeon (3/15)

Altars:
Yredelemnul


Innate Abilities, Weirdness & Mutations

You are small and have problems with some larger weapons.
You are carnivorous and can eat meat at any time.


Message History

Okay, then.
What do you say? t - Shout!
Orders for allies: a - Attack new target. r - Retreat! s - Stop attacking. w - Wait here. f - Follow me.
Anything else - Stay silent.
Wait here!
You start resting.
Eating a chunk of flesh.
This raw flesh tastes great.
You continue eating. x2
Your orc is no longer moving quickly.
The orc shouts!
You hit the orc.
The orc is heavily wounded.
You barely miss the orc.
The orc is heavily wounded.
The orc zaps a wand.
The bolt of acid hits you!
* * * LOW HITPOINT WARNING * * *
The acid burns!
You die...

##### #.... #.... ########
#.... #...@..##########....
#...#o...............
#...#............####
#.>.##....######.....
#......>#...#####....
#########...#######...###.###
#............########.....##
#.########.#.........).....##
#.........)#####..########...


You could see an orc.

Vanquished Creatures
  An orc wizard (D:3)
  4 adders
  A worm (D:2)
  A dart slug (D:2)
  2 giant geckos
  5 orcs (D:3)
  2 giant cockroaches
  5 goblins
  7 hobgoblins
  6 bats
  3 giant newts
  9 kobolds
  6 rats
52 creatures vanquished.

Vanquished Creatures (collateral kills)
  An orc wizard (D:3)
  2 orcs (D:3)
3 creatures vanquished.

Grand Total: 55 creatures vanquished

Notes
Turn   | Place    | Note
--------------------------------------------------------------
     0 | D:1      | MDvedh the Kobold Artificer began the quest for the Orb.
     0 | D:1      | Reached XP level 1. HP: 12/12 MP: 3/3
   182 | D:1      | Reached skill level 2 in Short Blades
   217 | D:1      | Reached XP level 2. HP: 15/16 MP: 4/4
   256 | D:1      | Reached skill level 3 in Short Blades
   792 | D:1      | Reached XP level 3. HP: 20/20 MP: 5/5
  1000 | D:1      | Reached skill level 4 in Short Blades
  1389 | D:2      | Reached XP level 4. HP: 21/25 MP: 6/6
  1503 | D:2      | Reached skill level 5 in Short Blades
  1606 | D:2      | Found a basalt altar of Yredelemnul.
  2096 | D:3      | Noticed a big kobold
  2145 | D:3      | Reached XP level 5. HP: 29/29 MP: 7/7
  2159 | D:3      | Reached skill level 6 in Short Blades
  2552 | D:2      | Splashed by an orc's acid

Vault maps used:
D:1:      dpeg_arrival_snail, serial_corexii_hall, corexii_hall_statues_x,
          corexii_hall_statues_x, corexii_hall_statues_s
D:2:      lemuel_coloured_pillars_altar, minivault_4, minmay_surrounded
D:3:      nicolae_overflow_hidden_temple

Skill      XL: |  1  2  3  4  5 |
---------------+----------------+-----
Short Blades   | 2 3 4 5 6 |  6.6
Fighting       | |  1.1
Dodging        | |  2.4
Stealth        | |  1.3
Evocations     | |  3.6

Action                   |  1- 3 |  4- 6 || total
-------------------------+-------+-------++-------
Melee: Short sword       |   128 |    98 ||   226
Evoke: Wand              |     2 |     7 ||     9
 Stab: Sleeping          |     3 |     1 ||     4
       Distracted        |       |     1 ||     1
  Eat: Chunk             |     5 |     9 ||    14
